 Dungeon Crawl Stone Soup version 0.28-a0-973-ga7f8b01 (webtiles) character file.

Game seed: 2599413478332752987

893 Dorkslayer the Cleaver (level 8, -3/67 HPs)
             Began as a Hill Orc Fighter on Dec 1, 2021.
             Slain by a yak (13 damage)
             ... on level 5 of the Dungeon.
             The game lasted 00:11:02 (4345 turns).

Dorkslayer the Cleaver (Hill Orc Fighter)           Turns: 4345, Time: 00:11:02

Health: -3/67      AC:  7    Str: 21    XL:     8   Next: 6%
Magic:  8/8        EV: 10    Int:  8    God:
Gold:   40         SH:  4    Dex: 10    Spells: 7/7 levels left

rFire   + . .      SeeInvis .   e - +3 broad axe (flame)
rCold   . . .      Faith    +   c - +0 buckler
rNeg    . . .      Spirit   .   b - +0 scale mail
rPois   .          Reflect  .   (no helmet)
rElec   .          Harm     .   (no cloak)
rCorr   .          Rampage  .   (no gloves)
Will    .....                   (no boots)
Stlth   ..........              r - amulet of faith
HPRegen 0.21/turn               g - ring of protection from fire
MPRegen 0.11/turn               (no ring)

@: no status effects
A: no striking features
a: no special abilities


You were on level 5 of the Dungeon.
You visited 1 branch of the dungeon, and saw 5 of its levels.

You collected 189 gold pieces.
You spent 149 gold pieces at shops.

Inventory:

Hand Weapons
 a - a +0 war axe
 e - a +3 broad axe of flaming (weapon)
Missiles
 h - 12 poisoned darts (quivered)
Armour
 b - a +0 scale mail (worn)
 c - a +0 buckler (worn)
Jewellery
 g - a ring of protection from fire (left hand)
 r - an amulet of faith (around neck)
Scrolls
 k - 2 scrolls of teleportation
 o - a scroll of magic mapping
 s - a scroll of blinking
Potions
 d - a potion of might
 f - 2 potions of magic
 i - 3 potions of brilliance
 j - 2 potions of flight
 m - a potion of heal wounds {unknown}
 n - 2 potions of curing
 p - a potion of attraction {unknown}


   Skills:
 + Level 4.9 Fighting
 + Level 8.2 Axes
 + Level 1.6 Throwing
 + Level 5.6 Armour
 + Level 1.3 Dodging
 + Level 1.1 Stealth
 + Level 4.2 Shields


You had 7 spell levels left.
You didn't know any spells.
Your spell library contained the following spells:

 Spells                   Type           Power      Damage    Failure   Level
 Foxfire                  Conj/Fire      0%         2x1d4     73%         1
 Magic Dart               Conj           0%         1d3       73%         1
 Searing Ray              Conj           0%         2d4       86%         2
 Conjure Flame            Conj/Fire      0%         6-21      97%         3
 Inner Flame              Hex/Fire       0%         N/A       97%         3
 Flame Wave               Conj/Fire      0%         2d4       100%        4
 Fulminant Prism          Conj/Hex       0%         3d6       100%        4


Dungeon Overview and Level Annotations

Branches:
Dungeon (5/15)
 Temple: D:4-7

Altars:
Dithmenos

Shops:
D:4 ?


Message History

The yak is lightly wounded.
The yak gores you.
You hit the yak. You burn the yak.
The yak is moderately wounded.
The yak gores you but does no damage.
You hit the yak but do no damage.
The yak is moderately wounded.
The yak gores you!
You completely miss the yak. You barely miss the yak.
The yak barely misses you. The yak gores you!
You slash the yak! You burn the yak!
The yak is heavily wounded.
The yak gores you.
You hit the yak. You burn the yak.
The yak is severely wounded.
The yak gores you.
You barely miss the yak.
The yak is severely wounded.
You block the yak's attack.
You slash the yak! You burn the yak.
You kill the yak!
The yak closely misses you.
Your Axes skill increases to level 8!
Your Stealth skill increases to level 1!
You have reached level 8!
You hit the yak. You burn the yak.
The yak is lightly wounded.
The yak gores you!
You barely miss the yak.
The yak is lightly wounded.
The yak gores you but does no damage.
You slash the yak! You burn the yak.
The yak is heavily wounded.
The yak gores you!
You hit the yak. You burn the yak.
The yak is heavily wounded.
The yak gores you!
* * * LOW HITPOINT WARNING * * *
It was a potion of cancellation.
You feel magically purged. The yak gores you!
You die...

.........<.#
#####...#...##.###
........'..........
#
..##...##..##.###.
#. #...##..# .. #..
#...##.... ... #...
#...##.#### ##
#...Y##...##.#
#...YY@...##.#
#....####.##.#
.!... #.# .#.# #.#
# .#


You could see 3 yaks.

Vanquished Creatures
  A yak (D:5)
  A sky beast (D:4)
  A necrophage (D:4)
  A black bear (D:4)
  A scorpion (D:4)
  3 hounds
  A jelly (D:4)
  An orc wizard (D:4)
  2 hound skeletons
  5 gnolls (D:4)
  8 adders
  A shadow imp (D:4)
  An adder skeleton (D:2)
  7 worms
  5 dart slugs
  7 orcs
  3 ball pythons
  4 bats
  9 endoplasms
  A giant cockroach (D:4)
  6 goblins
  8 hobgoblins
  3 quokkas
  5 frilled lizards
  11 kobolds
  7 rats
103 creatures vanquished.

Notes
Turn   | Place    | Note
-------+----------+-------------------------------------------
     0 | D:1      | Dorkslayer the Hill Orc Fighter began the quest for the
                  | Orb.
     0 | D:1      | Reached XP level 1. HP: 19/19 MP: 1/1
   242 | D:1      | Reached XP level 2. HP: 22/27 MP: 2/2
   268 | D:1      | Reached skill level 3 in Axes
   674 | D:1      | Reached XP level 3. HP: 31/33 MP: 3/3
  1016 | D:2      | Reached XP level 4. HP: 40/40 MP: 4/4
  1122 | D:2      | Reached skill level 4 in Axes
  1573 | D:2      | Found a shadowy altar of Dithmenos.
  1945 | D:3      | Reached skill level 5 in Axes
  1945 | D:3      | Reached XP level 5. HP: 40/46 MP: 5/5
  1973 | D:3      | Identified a scroll of acquirement
  1973 | D:3      | Acquired a +3 vorpal broad axe
  2609 | D:4      | Reached skill level 1 in Dodging
  2623 | D:4      | Reached XP level 6. HP: 34/52 MP: 6/6
  2921 | D:4      | Reached skill level 6 in Axes
  2980 | D:4      | Reached skill level 1 in Throwing
  3004 | D:4      | Noticed a necrophage
  3009 | D:4      | Killed a necrophage
  3010 | D:4      | Reached skill level 5 in Armour
  3010 | D:4      | Reached XP level 7. HP: 36/60 MP: 7/7
  3259 | D:4      | Found Jees's Magic Scroll Shop.
  3305 | D:4      | Reached skill level 7 in Axes
  3664 | D:4      | Bought 2 scrolls of identify for 52 gold pieces
  3664 | D:4      | Bought a scroll of blinking for 97 gold pieces
  3678 | D:4      | Identified the +2 ring mail of Jegg {Rampage}
  4317 | D:5      | Entered Level 5 of the Dungeon
  4328 | D:5      | Noticed a yak
  4328 | D:5      | Noticed a yak
  4328 | D:5      | Noticed a yak
  4330 | D:5      | Noticed a yak
  4331 | D:5      | Noticed a yak
  4340 | D:5      | Killed a yak
  4341 | D:5      | Reached skill level 8 in Axes
  4341 | D:5      | Reached skill level 1 in Stealth
  4341 | D:5      | Reached XP level 8. HP: 42/67 MP: 8/8
  4345 | D:5      | Slain by a yak

Illustrated notes

Levels and vault maps discovered:
D:1:      scummos_arrival_simple_fountains, layout_basic
D:2:      layout_loops_ring, basic_altar, grunt_decor_junction,
          ebering_dispersal_statue_hall, nicolae_concentric_dashed_squares_mild,
          kennysheep_another_room, minmay_misc_feat_more_columns
D:3:      layout_loops_cross
D:4:      layout_basic, serial_shops, nicolae_square_shop, minivault_24,
          minmay_divided_ellipse
D:5:      layout_basic, uniq_blork_the_orc, uniq_menkaure

Skill      XL: |  1  2  3  4  5  6  7 |
---------------+----------------------+-----
Axes           | 3 5 6 8 |  8.2
Shields        | 4 |  4.2
Fighting       | 4 |  4.9
Armour         | 4 5 |  5.6
Dodging        | 1 |  1.3
Throwing       | 1 |  1.6
Stealth        | 1 |  1.1

Action                   |  1- 3 |  4- 6 |  7- 9 || total
-------------------------+-------+-------+-------++-------
Melee: War axe           |    87 |    74 |       ||   161
       Broad axe         |       |    52 |    50 ||   102
Throw: Dart              |     1 |    23 |       ||    24
       Throwing net      |       |     1 |     1 ||     2
  Use: Scroll            |       |     8 |     4 ||    12
       Potion            |       |       |     1 ||     1
 Stab: Held in net/web   |       |     1 |       ||     1
Armor: Scale mail        |    43 |    43 |    18 ||   104
Dodge: Dodged            |    37 |    44 |    16 ||    97
Block: Buckler           |    19 |    26 |     4 ||    49

Table legend: (Time is in decaauts)
 A = Elapsed time spent in this place.
 B = Non-inter-level travel time spent in this place.
 C = Inter-level travel time spent in this place.
 D = Time resting spent in this place.
 E = Time spent auto-exploring this place.
 F = Levels seen in this place.
 G = Mean time per level.
                   A        B        C        D        E       F      G
               +--------+--------+--------+--------+--------+-----+--------+
         Total |   4422 |   4422 |      0 |    431 |   2272 |   5 |  884.4 |
       Dungeon |   4422 |   4422 |      0 |    431 |   2272 |   5 |  884.4 |
               +--------+--------+--------+--------+--------+-----+--------+

Top non-repeatable levels by time:
     D:4: 1766 daAuts
     D:1: 946 daAuts
     D:2: 890 daAuts
     D:3: 788 daAuts
     D:5: 30 daAuts
